 Dungeon Crawl Stone Soup version 0.24-a0-779-g36f0aeb (webtiles) character file.

Game seed: 889798950864291575, levelgen mode: deterministic

28 DrEnzyme the Sneak (level 3, 0/32 HPs)
             Began as a Naga Wanderer on Oct 7, 2019.
             Succumbed to a goblin's poison
             ... on level 2 of the Dungeon.
             The game lasted 00:02:02 (777 turns).

DrEnzyme the Sneak (Naga Wanderer)                   Turns: 777, Time: 00:02:02

Health: 0/32       AC:  2    Str: 10 (13) XL:     3   Next: 12%
Magic:  3/3        EV:  9    Int: 11 (12) God:
Gold:   44         SH:  0    Dex: 10 (12) Spells: 2/2 levels left

rFire    . . .     SeeInvis +   a - +2 spear
rCold    . . .     Gourm    .   (no shield)
rNeg     . . .     Faith    .   e - +0 robe
rPois    +         Spirit   .   (no helmet)
rElec    .         Reflect  .   (no cloak)
rCorr    .         Harm     .   (no gloves)
MR       .....                  (no barding)
Stlth    +++.......             (no amulet)
HPRegen  0.10/turn              (no ring)
MPRegen  0.08/turn              (no ring)

@: lethally poisoned (0 -> -6), hasted, quick
A: large, see invisible, deformed body, poison resistance, slowness 2, slow
metabolism 1, spit poison 1, AC +1
a: Spit Poison


You were on level 2 of the Dungeon.
You were not hungry.

You visited 1 branch of the dungeon, and saw 2 of its levels.

You collected 44 gold pieces.

Inventory:

Hand Weapons
 a - a +2 spear (weapon)
 d - a +0 dagger
Missiles
 c - 13 poisoned darts (quivered)
Armour
 e - a +0 robe (worn)
Jewellery
 g - an uncursed ring of protection from magic {unknown}
Scrolls
 i - 2 scrolls of identify {unknown}
Comestibles
 f - 2 rations


   Skills:
 + Level 2.2 Fighting
 + Level 3.2 Polearms
 + Level 1.2 Throwing
 * Level 0.1 Armour
 + Level 1.0 Dodging
 * Level 5.3 Stealth


You had 2 spell levels left.
You didn't know any spells.
Your spell library was empty.

Dungeon Overview and Level Annotations

Branches:
Dungeon (2/15)

Altars:

Annotations:
D:2 Robin


Innate Abilities, Weirdness & Mutations

You cannot wear boots.
Your serpentine skin is tough. (AC +1)
You have supernaturally acute eyesight. (SInv)
Armour fits poorly on your strangely shaped body.
Your system is resistant to poisons. (rPois)
You cover ground very slowly.
You have a slow metabolism.
You can spit poison.


Message History

The goblin no longer looks unusually strong. x2
The goblin completely misses you.
You hit the goblin.
The goblin is severely wounded.
It was a potion of degeneration.
There was something very wrong with that liquid.
You feel weakened.
You feel dopey.
You feel clumsy.
The goblin hits you with a +1 dagger of venom.
* * * LOW HITPOINT WARNING * * *
The goblin misses you.
It was a potion of haste.
You feel yourself speed up.
The goblin no longer looks unusually strong.
The goblin hits you with a +1 dagger of venom.
* * * LOW HITPOINT WARNING * * *
You are lethally poisoned!
The goblin barely misses you.
You aren't carrying any potions.
* * * LOW HITPOINT WARNING * * *
You feel sick.
You die... ##### #.#.### #.....# #.#...# ##.gg #.#.#### .ggg

#......# #g..
#####'##.######g..# .
#......#.##...#.g.##.#
#.....@#.##...#......#
#......#.##...#g......
#.....g#..g.g.'.......
####..g##.†g.##.......
#.....g.gg#..........
#+#########...#......
+...+......
#...#...... #####
.....


You could see 3 goblins.

Vanquished Creatures
  A dart slug (D:1)
  2 giant cockroaches (D:1)
  4 goblins
  5 hobgoblins (D:1)
  A kobold (D:1)
  3 bats
  A frilled lizard (D:1)
  7 rats
24 creatures vanquished.

Notes
Turn   | Place    | Note
-------+----------+-------------------------------------------
     0 | D:1      | DrEnzyme the Naga Wanderer began the quest for the Orb.
     0 | D:1      | DrEnzyme set off with the following items: a +2 spear, a
                  | potion of curing, 14 poisoned darts, a +0 dagger, a +0
                  | robe, a ration
     0 | D:1      | Reached XP level 1. HP: 19/19 MP: 1/1
   130 | D:1      | Reached XP level 2. HP: 15/26 MP: 2/2
   293 | D:1      | Reached skill level 5 in Stealth
   701 | D:2      | Reached XP level 3. HP: 32/32 MP: 3/3
   758 | D:2      | Noticed Robin
   775 | D:2      | HP: 1/32 [poisoned by a goblin]
   777 | D:2      | Succumbed to a goblin's poison

Levels and vault maps discovered:
D:1:      tarquinn_simple_flora_water_e, layout_rooms, corner_web_ring
D:2:      layout_basic, chequers_ecumenical_altar_twisty, minmay_tetromino_o2,
          uniq_robin

Skill      XL: |  1  2 |
---------------+-------+-----
Stealth        | 5 |  5.3
Fighting       | |  2.2
Polearms       | |  3.2
Throwing       | |  1.2
Armour         | |  0.1
Dodging        | |  1.0

Action                   || total
-------------------------++-------
Melee: Spear             ||    51
Throw: Dart              ||    17
  Use: Potion            ||     3
 Stab: Sleeping          ||     5
Armor: Robe              ||     8
Dodge: Dodged            ||    24

Table legend:
 A = Non-vault XP
 B = Vault XP
 C = Vault XP percentage of total XP
 D = Non-vault monster count
 E = Vault monster count
 F = Vault count percentage of total count
                 A         B        C        D         E       F
            +---------+---------+-------+---------+---------+-------
      Total |      35 |       5 |  12.5 |      21 |       3 |  12.5
            +---------+---------+-------+---------+---------+-------
        D:1 |      32 |       0 |   0.0 |      19 |       0 |   0.0
        D:2 |       3 |       5 |  62.5 |       2 |       3 |  60.0
            +---------+---------+-------+---------+---------+-------
